cohdb
Replays
Latest Replays
All Replays
Popular Replays
Top Player Replays
Match Explorer
How It Works
Community
CoH3 Stats
Reddit
Sign in to upload your games and track your stats! →
Sign in with Steam
Match 43788536
Unlisted
Match 43788536
Overview
Messages
Build Orders
End
Construct Section Command Post
Royal Engineer Section
Selects Heavy Armor Battlegroup
Dingo Light Scout Car
Infantry Section
Infantry Section
Selects Rigorous Vehicle Training
Construct Platoon Command Post
Royal Engineer Section
Humber Armored Car
6-pounder Anti-tank Gun Team
Unlock M3 Stuart Light Tanks
Selects Forward Repair Assembly
M3 Stuart Light Tank
Infantry Section
M3 Stuart Light Tank
Construct Field Infirmary
M3 Stuart Light Tank
6-pounder Anti-tank Gun Team
Light Vehicle Training
Selects Light Vehicle Withdraw and Refit
Selects Radio Net
Selects Designate Targets
Royal Engineer Section
Infantry Training
Construct Company Command Post
Selects UNKNOWN (2162094)
Churchill IV Heavy Tank
woof_raff
Waffen-YT
0
0
Comments
sign in to comment!
No comments posted yet!